 Dungeon Crawl Stone Soup version 0.30.1-10-g1249ef9ec4 (webtiles) character file.

Game seed: 10122159002823942160

247 Kronos the Sneak (level 5, -6/43 HPs)
             Began as an Armataur Transmuter on Oct 26, 2023.
             Was a Believer of Cheibriados.
             Mangled by a two-headed ogre
             ... wielding a +0 giant spiked club
              (8 damage)
             ... on level 4 of the Dungeon on Oct 27, 2023.
             The game lasted 00:21:45 (3521 turns).

Kronos the Sneak (Armataur Transmuter)              Turns: 3521, Time: 00:21:47

Health: -6/43      AC:  8    Str: 24    XL:     5   Next: 85%
Magic:  7/8        EV: 10    Int: 19    God:    Cheibriados [**....]
Gold:   119        SH:  0    Dex: 16    Spells: 7/8 levels left

rFire   x . .        l - +4 whip (vamp)
rCold   + . .        (no shield)
rNeg    . . .        a - +0 robe
rPois   .            (helmet currently unavailable)
rElec   .            j - +2 cloak
rCorr   .            x - +0 pair of gloves
SInv    .            (no barding)
Will    .....        (no amulet)
Stlth   ++           h - ring of ice
HPRegen 0.27/turn    t - ring of flight
MPRegen 0.11/turn

%: roll
@: appendages, flying, very slow
A: horns 2, talons 2, large, rugged brown scales 3, deformed body, armoured
tail, roll, long tongue, awkward tongue
a: End Transformation, Renounce Religion, Bend Time


You were on level 4 of the Dungeon.
You worshipped Cheibriados.
Cheibriados was pleased with you.
You had temporarily grown beastly horns and talons.
You visited 1 branch of the dungeon, and saw 4 of its levels.

You collected 119 gold pieces.

Inventory:

Hand Weapons
 i - a +0 short sword
 l - a +4 vampiric whip (weapon)
 q - a +0 sling
 r - a +0 spear
Missiles
 u - a throwing net
 z - 10 poisoned darts
Armour
 a - a +0 robe (worn)
 c - a +0 pair of boots
 d - a +0 pair of boots
 e - a +0 ring mail
 j - a +2 cloak (worn)
 n - an orb of light
 s - a +0 robe
 x - a +0 pair of gloves (worn)
 y - a +0 robe
Magical Staves
 A - a staff of earth
Jewellery
 h - a ring of ice (left hand)
 t - a ring of flight (right hand)
Scrolls
 o - a scroll of identify {unknown}
Potions
 b - 3 potions of lignification
 f - a potion of resistance {unknown}
 g - 2 potions of flight {unknown}
 k - a potion of attraction {unknown}
 m - 2 potions of might {unknown}
 p - a potion of curing
 v - a potion of berserk rage {unknown}
 w - a potion of degeneration {unknown}


   Skills:
 * Level 1.6 Fighting
 - Level 0.8 Short Blades
 * Level 1.3 Maces & Flails
 * Level 2.6 Armour
 + Level 2.4 Dodging
 * Level 3.1 Stealth
 - Level 2.6 Unarmed Combat
 + Level 2.2 Spellcasting
 + Level 2.0 Transmutations


You had 7 spell levels left.
You knew the following spells:

 Your Spells              Type           Power      Damage    Failure   Level
a - Beastly Appendage     Tmut           20%        N/A       7%          1

Your spell library contained the following spells:

 Spells                   Type           Power      Damage    Failure   Level
 Wereblood                Tmut           10%        N/A       11%         2
 Blink                    Tloc           4%         N/A       26%         2
 Lesser Beckoning         Tloc           4%         N/A       26%         2
 Momentum Strike          Conj/Tloc      4%         3d8       26%         2
 Spider Form              Tmut/Pois      6%         N/A       32%         3
 Ice Form                 Ice/Tmut       9%         N/A       71%         4


Dungeon Overview and Level Annotations

Branches:
Dungeon (4/15)
 Temple: D:4-7

Altars:
Cheibriados
Vehumet
Yredelemnul
The Shining One

Shops:
D:2 :


Innate Abilities, Weirdness & Mutations

You have temporarily grown beastly horns and talons.
You are completely covered in rugged brown scales. (AC +3, +7% HP)
Armour fits poorly on your strangely shaped body.
You have a long armoured tail.
You roll when moving toward enemies. (Rampage)
Your long tongue fully drains potion bottles. (2x potion effects)
Your tongue gives you trouble enunciating. (1.5x scroll delay)


Message History

The gnoll hits you with a +0 club.
You hit the gnoll but do no damage.
The gnoll is lightly wounded.
The gnoll hits you with a +0 club!
You closely miss the gnoll. You claw the gnoll. You headbutt the gnoll.
You kill the gnoll!
Cheibriados appreciates the change of pace.
Your Stealth skill increases to level 3!
Items here: )))) †.
Okay, then.
Your horns disappear.
Your talons disappear.
Found a stone staircase leading down.
z - 10 poisoned darts (gained 5)
There is a glowing golden altar of the Shining One here.
You hover solemnly before the altar of the Shining One.
Found 4 stones.
Found a plate armour.
Found 5 stones.
Things that are here:
a +0 plate armour; 4 stones A two-headed ogre comes into view.
It is wielding a +0 giant spiked club and a +0 giant club.
The two-headed ogre shouts in stereo!
Casting: Beastly Appendage (safe; 7% risk of failure)
Confirm with . or Enter, or press ? or * to list all spells.
You grow a pair of large bovine horns.
Your feet morph into talons.
The two-headed ogre hits you with a +0 giant spiked club!
The two-headed ogre hits you with a +0 giant club.
You completely miss the two-headed ogre.
The two-headed ogre hits you with a +0 giant spiked club.
The two-headed ogre completely misses you.
You hit the two-headed ogre. Your kick misses the two-headed ogre.
You headbutt the two-headed ogre.
The two-headed ogre is moderately wounded.
You hit the two-headed ogre.
You feel better.
Your kick misses the two-headed ogre. You headbutt the two-headed ogre!
The two-headed ogre is heavily wounded.
The two-headed ogre hits you with a +0 giant spiked club!!
* * * LOW HITPOINT WARNING * * *
The two-headed ogre hits you with a +0 giant club!
You die...

.. .. .# $#
##.# #..#
##..##
####....##
#....@O..#
###...#...#
#...##.....
#..## ##...
#..# ..
#.## . #.#
##.# #..#


You could see a two-headed ogre.

Vanquished Creatures
  A water moccasin (D:4)
  A sleepcap (D:3)
  4 gnolls (D:4)
  3 adders
  5 orcs (D:3)
  4 ball pythons
  5 bats
  4 endoplasms
  A giant cockroach (D:1)
  3 goblins (D:3)
  A hobgoblin (D:1)
  3 jackals (D:1)
  5 quokkas
  2 frilled lizards (D:3)
  3 kobolds
  2 rats
47 creatures vanquished.

Notes
Turn   | Place    | Note
-------+----------+-------------------------------------------
     0 | D:1      | Kronos the Armataur Transmuter began the quest for the Orb.
     0 | D:1      | Reached XP level 1. HP: 16/16 MP: 3/3
   330 | D:1      | Reached XP level 2. HP: 17/23 MP: 5/5
   352 | D:1      | Found a faded altar of an unknown god.
   361 | D:1      | Prayed at the altar of an unknown god.
   361 | D:1      | Became a worshipper of Cheibriados the Contemplative
   361 | D:1      | Reached * piety under Cheibriados
  1176 | D:2      | Reached skill level 1 in Fighting
  1432 | D:2      | Reached skill level 1 in Stealth
  1432 | D:2      | Reached XP level 3. HP: 28/29 MP: 6/6
  1453 | D:2      | Found Uvuryata's Book Shoppe.
  2072 | D:3      | Found a large runed translucent door.
  2073 | D:3      | Found a large runed translucent door.
  2080 | D:3      | Reached ** piety under Cheibriados
  2190 | D:3      | Found a basalt altar of Yredelemnul.
  2217 | D:3      | Found a radiant altar of Vehumet.
  2278 | D:3      | Reached skill level 1 in Armour
  2370 | D:3      | Reached XP level 4. HP: 30/37 MP: 7/7
  2525 | D:3      | Reached skill level 2 in Stealth
  3163 | D:4      | Noticed a water moccasin
  3176 | D:4      | Killed a water moccasin
  3177 | D:4      | Reached skill level 1 in Maces & Flails
  3177 | D:4      | Reached XP level 5. HP: 8/43 MP: 8/8
  3413 | D:4      | Found a glowing golden altar of the Shining One.
  3432 | D:4      | Reached skill level 3 in Stealth
  3515 | D:4      | Noticed a two-headed ogre
  3521 | D:4      | HP: 2/43 [two-headed ogre/+0 giant spiked club (21)]
  3521 | D:4      | Mangled by a two-headed ogre

Illustrated notes

Levels and vault maps discovered:
D:1:      eino_arrival_water_star, layout_basic,
          shapermc_ecumenical_altar_pompeii
D:2:      layout_basic, serial_shops, shop
D:3:      layout_loops_cross, jmf_multi_god_temple2
D:4:      layout_layer_cave, elyvilon_altar_5, lemuel_round_altar

Skill      XL: |  1  2  3  4  5 |
---------------+----------------+-----
Spellcasting   | 2 |  2.2
Transmutations | 2 |  2.0
Fighting       | 1 |  1.6
Stealth        | 1 2 3 |  3.1
Dodging        | 2 |  2.4
Armour         | 1 2 |  2.6
Maces & Flails | 1 |  1.3
Short Blades   | |  0.8
Unarmed Combat | |  2.6

Action                     |  1- 3 |  4- 6 || total
---------------------------+-------+-------++-------
  Melee: Unarmed           |    10 |       ||    10
         Short sword       |   115 |       ||   115
         Tailslap          |    18 |     3 ||    21
         Headbutt          |     2 |     6 ||     8
         Punch             |     3 |       ||     3
         Whip              |    11 |    39 ||    50
         Kick              |     2 |     8 ||    10
   Cast: Beastly Appendage |     2 |     4 ||     6
    Use: Scroll            |     1 |     5 ||     6
         Potion            |     2 |       ||     2
   Stab: Sleeping          |     4 |       ||     4
 Armour: Robe              |    87 |    17 ||   104
  Dodge: Dodged            |    81 |    25 ||   106
